 Dungeon Crawl Stone Soup version 0.21-a0-509-gecc5317 (webtiles) character file.

27 BingusPrime the Ruffian (level 2, -1/23 HPs)
             Began as a Draconian Transmuter on Nov 28, 2017.
             Slain by a hobgoblin
             ... wielding a +0 club
              (5 damage)
             ... on level 2 of the Dungeon.
             The game lasted 00:02:17 (674 turns).

BingusPrime the Ruffian (Draconian Transmuter)       Turns: 674, Time: 00:02:18

Health: -1/23      AC:  4    Str: 12    XL:     2   Next: 93%
Magic:  4/5        EV: 12    Int: 13    God:
Gold:   38         SH:  0    Dex: 11    Spells: 4/5 levels left

rFire    . . .     SeeInvis .   f - +0 dagger
rCold    . . .     Gourm    .   (no shield)
rNeg     . . .     Faith    .   (armour unavailable)
rPois    .         Spirit   .   (helmet restricted)
rElec    .         Reflect  .   (no cloak)
rCorr    .         Harm     .   (no gloves)
MR       .....                  (boots currently unavailable)
Stlth    +.........             (no amulet)
HPRegen  0.07/turn              (no ring)
MPRegen  0.09/turn              (no ring)

@: appendage
A: unfitting armour, talons 3, cold-blooded, AC +4
a: End Transformation


You were on level 2 of the Dungeon.
You were not hungry.
You had grown temporary talons.
You visited 1 branch of the dungeon, and saw 2 of its levels.

You collected 38 gold pieces.

Inventory:

Hand Weapons
 f - a +0 dagger (weapon)
Missiles
 a - 36 arrows
 e - 35 stones (quivered)
Scrolls
 d - 2 scrolls of remove curse {unknown}
 h - a scroll of identify {unknown}
 i - a scroll of teleportation {unknown}
Potions
 g - a potion of flight {unknown}
Books
 b - a book of Changes

   Spells                             Type                      Level
   a - Beastly Appendage              Transmutation                1
   b - Sticks to Snakes               Transmutation                2
   c - Spider Form                    Transmutation/Poison         3
   d - Ice Form                       Ice/Transmutation            4
   e - Blade Hands                    Transmutation                5
Comestibles
 c - a bread ration
 j - a royal jelly


   Skills:
 + Level 1.1 Fighting
 + Level 0.4 Short Blades
 + Level 1.9 Dodging
 + Level 3.6 Unarmed Combat
 + Level 2.1 Spellcasting
 + Level 2.3 Transmutations


You had 4 spell levels left.
You knew the following spells:

 Your Spells              Type           Power        Failure   Level  Hunger
a - Beastly Appendage     Tmut           #.....       10%         1    ##.....


Dungeon Overview and Level Annotations

Branches:
Dungeon (2/15)

Altars:


Innate Abilities, Weirdness & Mutations

Your plain brown scales are hard. (AC +4)
You cannot fit into any form of body armour.
You are cold-blooded and may be slowed by cold attacks.
You have claws for feet.


Message History

The hobgoblin hits you with a club.
* * * LOW HITPOINT WARNING * * *
Your transformation is almost over.
You hit the hobgoblin.
You kill the hobgoblin!
You hit the hobgoblin but do no damage. Your kick misses the hobgoblin.
The hobgoblin is heavily wounded.
The hobgoblin misses you.
You hit the hobgoblin but do no damage.
The hobgoblin is heavily wounded.
The hobgoblin closely misses you.
You barely miss the hobgoblin.
Your tail-slap misses the hobgoblin.
The hobgoblin is heavily wounded.
The hobgoblin barely misses you.
Your talons disappear.
Casting: Beastly Appendage
Confirm with . or Enter, or press ? or * to list all spells.
Your feet morph into talons.
The hobgoblin hits you with a club.
You die...

#.#..<....#
####.#.......##.##.#
#..................#
#.##.#.......#..#...
#.#..)....# .# .
##.###### # ## #.#
#.#.#####.#
.......@g(#
.....###### ... .


You could see a hobgoblin.

Vanquished Creatures
  A leopard gecko (D:1)
  2 ball pythons (D:1)
  2 giant cockroaches
  3 goblins (D:1)
  A hobgoblin (D:2)
  4 jackals (D:1)
  3 bats (D:1)
  2 kobolds (D:1)
  6 rats (D:1)
24 creatures vanquished.

Notes
Turn   | Place    | Note
-------+----------+-------------------------------------------
     0 | D:1      | BingusPrime the Draconian Transmuter began the quest for the Orb.
     0 | D:1      | Reached XP level 1. HP: 16/16 MP: 3/3
   120 | D:1      | Reached XP level 2. HP: 23/23 MP: 3/5
   674 | D:2      | Slain by a hobgoblin

Vault maps used:
D:1:      eino_arrival_cavern_a, minmay_quantized
D:2:      okawaru_ov_weapons_minmay, chequers_ecumenical_altar_simple_redux,
          kennysheep_slug_shrine, uniq_robin, uniq_sigmund

Action                   || total
-------------------------++-------
Melee: Unarmed           ||    56
       Kick              ||     5
       Tailslap          ||    10
       Headbutt          ||     1
       Dagger            ||    51
       Punch             ||     2
 Cast: Beastly Appendage ||    11
Armor: Skin              ||    32
Dodge: Dodged            ||    64

Table legend:
 A = Spawn XP
 B = Non-spawn XP
 C = Spawn XP percentage of total XP
 D = Spawn monster count
 E = Non-spawn monster count
 F = Spawn count percentage of total count
 G = Total turns spent on level
                    A         B        C        D         E        F      G
               +---------+---------+-------+---------+---------+-------+---------
         Total |       0 |      39 |   0.0 |       0 |      24 |   0.0 |   674
               +---------+---------+-------+---------+---------+-------+---------
           D:1 |       0 |      35 |   0.0 |       0 |      22 |   0.0 |   608
           D:2 |       0 |       4 |   0.0 |       0 |       2 |   0.0 |    66
               +---------+---------+-------+---------+---------+-------+---------
